 Dungeon Crawl Stone Soup version 0.32-a0-39-g5c88369fb2 (webtiles) character file.

Game seed: 13490533050327982422

2331 Ge0ff the Thaumaturge (level 9, -1/63 HPs)
             Began as a Mummy Cinder Acolyte on Jan 30, 2024.
             Was a High Priest of Ignis.
             Slain by a killer bee (2 damage)
             ... on level 7 of the Dungeon.
             The game lasted 00:13:21 (9132 turns).

Ge0ff the Thaumaturge (Mummy Cinder Acolyte)        Turns: 9132, Time: 00:13:21

Health: -1/63      AC: 12    Str: 19    XL:     9   Next: 19%
Magic:  15/22      EV: 11    Int: 21    God:    Ignis [*****.]
Gold:   313        SH:  0    Dex: 11    Spells: 17/26 levels left

rFire   + . .        a - -1 spear (flame)
rCold   . . .        g - orb {*channel}
rNeg    + + +        o - +0 robe
rPois   ∞            (no helmet)
rElec   .            y - +1 cloak of Slovenliness {Str+2 Int+3 Dex+4}
rCorr   .            (no gloves)
SInv    .            s - +0 pair of boots
Will    +....        (no amulet)
Stlth   ++           B - ring of fire
HPRegen 0.30/turn    z - ring of wizardry {=R}
MPRegen 0.18/turn

%: faith, wizardry (x1), channel magic (20%)
@: on blink cooldown, fiery-armoured
A: cold resistance 1, negative energy resistance 3, torment resistance 2, heat
vulnerability 1, in touch with death 1, no potions, faith
a: Renounce Religion, Fiery Armour, Foxfire Swarm, Rising Flame


You were on level 7 of the Dungeon.
You worshipped Ignis.
Ignis was extremely pleased with you.
You visited 2 branches of the dungeon, and saw 8 of its levels.
You also visited: Sewer.

You collected 313 gold pieces.

Inventory:

Hand Weapons
 a - a -1 spear of flaming (weapon)
 b - a +2 dagger of venom
 q - a +0 trident
 v - a +2 vampiric long sword
Missiles
 j - 21 poisoned darts
 k - 35 stones
 A - 6 boomerangs
Armour
 g - an orb of energy (worn)
 o - a +0 robe (worn)
 s - a +0 pair of boots (worn)
 y - the +1 cloak of Slovenliness (worn) {Str+2 Int+3 Dex+4}
   (You found it on level 7 of the Dungeon)

   Str+2:     It affects your strength (+2).
   Int+3:     It affects your intelligence (+3).
   Dex+4:     It affects your dexterity (+4).
 C - +0 swamp dragon scales
Jewellery
 h - a +6 ring of strength
 z - a ring of wizardry (right hand) {=R}
 B - a ring of fire (left hand)
Wands
 f - a wand of flame (18)
Scrolls
 d - a scroll of enchant armour
 e - a scroll of fog {unknown}
 i - 3 scrolls of identify
 m - 2 scrolls of revelation
 n - a scroll of fear {unknown}
 p - a scroll of poison {unknown}
 r - 2 scrolls of blinking {unknown}
 t - a scroll of amnesia {unknown}
 u - a scroll of torment {unknown}
 w - a scroll of vulnerability {unknown}
 x - a scroll of enchant weapon {unknown}


   Skills:
 - Level 3.0 Fighting
 - Level 2.4 Polearms
 - Level 2.0 Stealth
 + Level 9.3 Spellcasting
 - Level 2.0 Translocations
 - Level 6.7 Fire Magic
 * Level 2.5 Ice Magic
 * Level 2.5 Air Magic


You had 17 spell levels left.
You knew the following spells:

 Your Spells              Type           Power      Damage    Failure   Level
s - Freezing Cloud        Conj/Ice/Air   8%         6-21      52%         5
B - Blink                 Tloc           36%        N/A       6%          2
C - Scorch                Fire           100%       2d9       1%          2

Your spell library contained the following spells:

 Spells                   Type           Power      Damage    Failure   Level
 Lesser Beckoning         Tloc           36%        N/A       6%          2
 Momentum Strike          Conj/Tloc      26%        3d8       8%          2
 Cigotuvi's Dreadful Rot  Necr/Alch/Air  38%        N/A       9%          2
 Ignite Poison            Fire/Alch      35%        N/A       16%         4


Dungeon Overview and Level Annotations

Branches:
Dungeon (7/15) Zot: 25074  Temple (1/1) D:7 Zot: 5967   Sewer (visited)

Altars:
Ashenzari
Cheibriados
Dithmenos
Fedhas
Gozag
Hepliaklqana
Kikubaaqudgha
Makhleb
Nemelex Xobeh
Okawaru
Qazlal
Ru
Sif Muna
Trog
Vehumet
Xom
Yredelemnul


Innate Abilities, Weirdness & Mutations

You are immune to poison.
Your flesh is cold resistant. (rC+)
You are immune to negative energy. (rN+++)
You are immune to unholy pain and torment.
You are vulnerable to heat. (rF-)
You are in touch with the powers of death.
You do not drink.
You have a special connection with the divine. (Faith)


Message History

The killer bee stings you.
* * * LOW HITPOINT WARNING * * *
The centaur hits you.
* * * LOW HITPOINT WARNING * * *
The centaur kicks you but does no damage.
You can't drink.
Okay, then.
Use which ability? (? or * to list)
A protective cloak of flame settles atop you.
The killer bee stings you but does no damage.
The killer bee is burned terribly!
The killer bee is burned by your cloak of flames.
You kill the killer bee!
The killer bee barely misses you.
The centaur hits you but does no damage.
The centaur is burned by your cloak of flames.
The centaur is lightly wounded.
The centaur kicks you but does no damage.
The centaur is burned by your cloak of flames.
The centaur is moderately wounded.
The killer bee stings you.
* * * LOW HITPOINT WARNING * * *
The killer bee is burned terribly!
The killer bee is burned by your cloak of flames.
The killer bee is severely wounded.
The killer bee stings you.
* * * LOW HITPOINT WARNING * * *
The killer bee is burned by your cloak of flames.
The killer bee is moderately wounded.
The killer bee closely misses you.
The centaur hits you but does no damage.
The centaur is burned by your cloak of flames.
The centaur is moderately wounded.
The centaur closely misses you.
Training target 2.0 for Translocations reached!
Your Translocations skill increases to level 2!
Casting: Scorch (safe; 1% risk of failure)
Confirm with . or Enter, or press ? or * to list all spells.
You blink.
The killer bee stings you.
* * * LOW HITPOINT WARNING * * *
The killer bee is burned by your cloak of flames.
The killer bee is moderately wounded.
The killer bee misses you.
As you read the scroll labelled SEIQ KAOLIOP, it crumbles to dust.
Wisps of shadow whirl around you...
It was a scroll of summoning.
The killer bee stings you but does no damage.
The killer bee is burned by your cloak of flames.
The killer bee is heavily wounded.
The killer bee stings you.
You die...

######## # .
.......####### ..##
#.......... #...##
###.....##!.
#...5#######.....######
#...............#
###....@..........#
#.5...yyy....##...#
........cJ#.##.#########
###....†§.##### ......
#......##..# ...###
###.#.. #...# #
##.#......# #..........
....y....... ##


You could see a centaur, 3 killer bees, a friendly jelly (summoned) and 2
friendly ufetubi.

Vanquished Creatures
  Maggie (D:6)
  A water moccasin (D:7)
  A sky beast (D:6)
  2 ogres
  2 centaurs
  A phantom (D:5)
  A kobold brigand (Sewer)
  2 brain worms (Sewer)
  Blork the orc (D:6)
  2 scorpions (D:4)
  A bullfrog (D:6)
  3 wights (D:4)
  2 killer bees (D:7)
  2 bombardier beetles
  3 hounds
  2 jellies (D:6)
  3 orc priests
  A sleepcap (D:5)
  An iguana (D:5)
  2 orc wizards
  9 adders
  8 gnolls
  6 river rats (Sewer)
  4 dart slugs (D:1)
  3 ribbon worms
  17 orcs
  10 ball pythons
  5 bats
  7 endoplasms
  5 giant cockroaches
  6 goblins
  4 hobgoblins
  5 jackals
  10 kobolds
  A quokka (D:3)
  6 frilled lizards
  8 rats
148 creatures vanquished.

Notes
Turn   | Place    | Note
-------+----------+-------------------------------------------
     0 | D:1      | Ge0ff the Mummy Cinder Acolyte began the quest for the Orb.
     0 | D:1      | Reached XP level 1. HP: 18/18 MP: 2/2
   373 | D:1      | Reached XP level 2. HP: 24/24 MP: 4/4
   396 | D:1      | Learned a level 2 spell: Scorch
   414 | D:1      | Reached skill level 2 in Spellcasting
   445 | D:1      | Found a faded altar of an unknown god.
   612 | D:1      | Reached skill level 1 in Stealth
   812 | D:1      | Reached XP level 3. HP: 23/29 MP: 2/6
  2242 | D:2      | Reached XP level 4. HP: 35/35 MP: 3/8
  2301 | D:2      | Reached skill level 3 in Spellcasting
  2701 | D:3      | Found a glowing drain.
  2706 | Sewer    | Entered a sewer
  3144 | Sewer    | Noticed a kobold brigand
  3152 | Sewer    | Killed a kobold brigand
  3153 | Sewer    | Reached skill level 4 in Spellcasting
  3153 | Sewer    | Reached XP level 5. HP: 25/41 MP: 3/11
  3312 | Sewer    | Reached XP level 6. HP: 41/47 MP: 6/13
  3439 | Sewer    | Reached skill level 5 in Spellcasting
  4868 | D:4      | Reached skill level 6 in Spellcasting
  4868 | D:4      | Reached XP level 7. HP: 52/52 MP: 10/16
  4876 | D:4      | Reached skill level 5 in Fire Magic
  5451 | D:4      | Reached skill level 7 in Spellcasting
  6404 | D:5      | Entered Level 5 of the Dungeon
  6413 | D:5      | Reached XP level 8. HP: 58/58 MP: 12/19
  6541 | D:5      | Reached skill level 8 in Spellcasting
  6992 | D:5      | You fall into a shaft and drop 2 floors!
  7042 | D:7      | Found a staircase to the Ecumenical Temple.
  7049 | Temple   | Found a transporter.
  7049 | Temple   | Found a transporter.
  7049 | Temple   | Found a transporter.
  7049 | Temple   | Found a transporter.
  7049 | Temple   | Entered the Ecumenical Temple
  7166 | D:7      | Identified the +1 cloak of Slovenliness {Str+2 Int+3 Dex+4}
  7223 | D:6      | Learned a level 2 spell: Blink
  7759 | D:6      | Learned a level 5 spell: Freezing Cloud
  7905 | D:6      | Noticed Blork the orc
  7912 | D:6      | Killed Blork the orc
  7913 | D:6      | Reached skill level 1 in Translocations
  7951 | D:6      | Reached skill level 9 in Spellcasting
  7951 | D:6      | Reached skill level 1 in Ice Magic
  7951 | D:6      | Reached skill level 1 in Air Magic
  8092 | D:6      | Noticed Maggie
  8632 | D:6      | Killed Maggie
  8633 | D:6      | Reached XP level 9. HP: 27/63 MP: 6/22
  9131 | D:7      | HP: 1/63 [killer bee (4)]
  9132 | D:7      | Slain by a killer bee

Illustrated notes

Levels and vault maps discovered:
D:1:      dpeg_cavernosity, layout_loops_ring,
          dreamdust_ecumenical_altar_hidden_monk_grotto, minmay_tetromino_s4
D:2:      layout_basic, chequers_decorated_corner, minmay_hedge_maze
D:3:      layout_rooms, portal_sewer_entry_e
D:4:      layout_basic, kennysheep_generic_room_9
D:5:      layout_loops_ring, general_overflow_altar
D:6:      layout_basic, dk_noncrumbling_3, grunt_ministairs_14,
          hangedman_decor_diamond_cutter, uniq_blork_the_orc, uniq_maggie
D:7:      layout_layer_cave, mainiacjoe_overflow_alcove_1, temple_green
Temple:   hellmonk_temple_divided_pantheon

Skill      XL: |  1  2  3  4  5  6  7  8  9 |
---------------+----------------------------+-----
Spellcasting   | 2 4 6 7 9 |  9.3
Stealth        | 1 2 |  2.0
Fire Magic     | 3 4 5 6 |  6.7
Translocations | 1 2 |  2.0
Ice Magic      | 2 |  2.5
Air Magic      | 2 |  2.5
Fighting       | |  3.0
Polearms       | |  2.4

Action                     |  1- 3 |  4- 6 |  7- 9 || total
---------------------------+-------+-------+-------++-------
  Melee: Spear             |    88 |    31 |     6 ||   125
  Throw: Dart              |       |       |     1 ||     1
         Stone             |       |       |     1 ||     1
   Cast: Scorch            |    33 |    78 |   120 ||   231
         Blink             |       |       |     1 ||     1
 Invoke: Fiery Armour      |       |       |     1 ||     1
    Use: Scroll            |       |     4 |     1 ||     5
 Armour: Robe              |    52 |    25 |    74 ||   151
  Dodge: Dodged            |    44 |    19 |    47 ||   110

Table legend: (Time is in decaauts)
 A = Elapsed time spent in this place.
 B = Non-inter-level travel time spent in this place.
 C = Inter-level travel time spent in this place.
 D = Time resting spent in this place.
 E = Time spent auto-exploring this place.
 F = Levels seen in this place.
 G = Mean time per level.
                   A        B        C        D        E       F      G
               +--------+--------+--------+--------+--------+-----+--------+
         Total |   9302 |   8972 |    330 |    293 |   7351 |   9 | 1033.6 |
       Dungeon |   8010 |   7690 |    320 |    223 |   6435 |   7 | 1144.3 |
        Temple |     32 |     22 |     10 |      0 |      0 |   1 |   32.0 |
         Sewer |   1259 |   1259 |      0 |     70 |    915 |   1 | 1259.0 |
               +--------+--------+--------+--------+--------+-----+--------+

Top non-repeatable levels by time:
     D:1: 1623 daAuts
     D:4: 1600 daAuts
   Sewer: 1259 daAuts
     D:2: 1226 daAuts
     D:6: 1155 daAuts
     D:5: 992 daAuts
     D:3: 874 daAuts
     D:7: 538 daAuts
  Temple: 32 daAuts
